 Dungeon Sprint DCSS version 0.29.1-2-gbd0b4ee654 (webtiles) character file.

Game seed: 2421403134214333186

1699 Groucho the Unseen (level 8, -2/42 HPs)
             Began as a Spriggan Enchanter on Nov 21, 2022.
             Was an Initiate of Dithmenos.
             Slain by a polar bear (18 damage)
             ... in the Dungeon (Sprint II: "The Violet Keep of Menkaure").
             The game lasted 00:04:54 (1028 turns).

Groucho the Unseen (Spriggan Enchanter)             Turns: 1028, Time: 00:04:54

Health: -2/42      AC:  2    Str:  6    XL:     8   Next: 73%
Magic:  16/24      EV: 21    Int: 15    God:    Dithmenos [......]
Gold:   2          SH:  0    Dex: 15    Spells: 19/30 levels left

rFire   . . .      SeeInvis +   f - +2 dagger (venom)
rCold   . . .      Faith    .   (no shield)
rNeg    . . .      Spirit   .   b - +0 robe
rPois   .          Reflect  .   (helmet restricted)
rElec   .          Harm     .   k - +0 cloak {Will+}
rCorr   .          Rampage  .   (gloves unavailable)
Will    ++...      NoTele   +   (boots unavailable)
Stlth   ++++++....              a - amulet of regeneration
HPRegen 0.94/turn               j - ring of flight
MPRegen 0.19/turn               (no ring)

@: confusing by touch, flying, very quick
A: very small, no large weapons, unfitting armour, see invisible, speed 3,
deformed body, dopey 1
a: Renounce Religion


You were in the Dungeon.
You worshipped Dithmenos.
Dithmenos was noncommittal.
You visited 1 branch You collected 984 gold pieces.
You spent 982 gold pieces at shops.

Inventory:

Hand Weapons
 f - a +2 dagger of venom (weapon)
Armour
 b - a +0 robe (worn)
 k - a +0 cloak of willpower (worn)
Jewellery
 a - an amulet of regeneration (around neck)
 j - a ring of flight (left hand)
Scrolls
 i - a scroll of blinking
Potions
 c - 2 potions of invisibility
 d - a potion of curing
 e - 2 potions of heal wounds
 g - 2 potions of magic
 h - a potion of berserk rage


   Skills:
 + Level 4.9 Fighting
 + Level 6.6 Short Blades
 + Level 8.5 Dodging
 - Level 16.0 Stealth
 + Level 11.5 Spellcasting
 + Level 11.7 Hexes


You had 19 spell levels left.
You knew the following spells:

 Your Spells              Type           Power      Damage    Failure   Level
a - Ensorcelled Hibernat  Hex/Ice        52%        N/A       1%          2
b - Confusing Touch       Hex            43%        N/A       1%          3
c - Dazzling Flash        Conj/Hex       52%        N/A       2%          3
d - Tukima's Dance        Hex            43%        N/A       1%          3

Your spell library contained the following spells:

 Spells                   Type           Power      Damage    Failure   Level


Dungeon Overview and Level Annotations

Branches:
Dungeon (1/1)

Altars:
Cheibriados
Dithmenos
Elyvilon
Fedhas
Gozag
Hepliaklqana
Kikubaaqudgha
Makhleb
Nemelex Xobeh
Okawaru
Qazlal
Ru
Sif Muna
Trog
Uskayaw
Vehumet
Wu Jian
Xom
Yredelemnul
Zin
The Shining One
Jiyva
Lugonu

Shops:
D (*::!!==?[*:=?[

Annotations:
D exclusion: oklob plant


Innate Abilities, Weirdness & Mutations

You are very small and have problems with some larger weapons.
You are too small for most types of armour.
You have supernaturally acute eyesight. (SInv)
You cover ground extremely quickly. (Speed+++)
Armour fits poorly on your strangely shaped body.
You are dopey. (Int -2)


Message History

Aiming: Ensorcelled Hibernation (safe; 1% risk of failure)
Press: ? - help, Shift-Dir - straight line, f/p - hornet
Aim: a hornet (chance to affect: 48%)
The hornet looks drowsy...
You feel yourself speed up.
You feel very sick.
The helpless hornet fails to defend itself.
You stick the hornet like a pincushion!!!!
You kill the hornet!
You feel sick.
A yaktaur comes into view.
The polar bear completely misses you. The polar bear misses you.
The polar bear completely misses you.
Found a dagger and a club.
Found a roughly hewn altar of Beogh.
You feel sick.
Found four items.
You feel sick.
Found a hand axe and 15 gold pieces.
You feel sick.
Found 12 gold pieces.
You feel sick.
You feel sick.
There is a shadowy altar of Dithmenos here.
You hover solemnly before the altar of Dithmenos.
Dithmenos welcomes you!
You feel sick.
The yaktaur wields a +0 arbalest.
The yaktaur shoots a bolt.
The bolt barely misses you.
You feel sick.
Casting: Ensorcelled Hibernation (safe; 1% risk of failure)
Confirm with . or Enter, or press ? or * to list all spells.
Your hands begin to glow red.
You feel sick.
You hit the polar bear but do no damage.
The polar bear appears confused.
You feel sick.
You are no longer poisoned.
The polar bear completely misses you. The polar bear misses you. x2
Casting: Confusing Touch (safe; 1% risk of failure)
Confirm with . or Enter, or press ? or * to list all spells.
Your hands begin to glow red.
The polar bear misses you. The polar bear claws you.
The polar bear closely misses you.
You hit the polar bear but do no damage.
You barely miss the polar bear. The polar bear bites you!
The polar bear claws you. The polar bear closely misses you.
The polar bear bites you!!
You die...

...#....###...##▓▓▓▓▓▓▓
#.##......~~~~~~~~~~~~~
###~§.§...~#'########+##
#~~~~§§~..~#..._._._#~~§
#~~~~~~~~§~#_._._._.#§~≈
~~~≈≈§~~~~~#._._._._#~§~
§§~§§≈≈≈~~~#_._c_._.#~§S
§#~§§≈≈≈≈§~#._.h._..#~§~
§ #≈§≈###§≈#_._h@...#S§§
§§ #≈≈#._._....#§§§ §≈
#≈§#.._.....#§§§ ##
§§≈§##########~≈§
#####~~~~~~~~~≈≈§
§###~########≈▓▓ .##~ ▓▓
~.+


You could see 2 polar bears, a yaktaur and 2 water moccasins.

Vanquished Creatures
  A merfolk siren (D)
  A polar bear (D)
  A hornet (D)
  3 neqoxecs (D)
  Menkaure (D)
  A water moccasin (D)
  4 necrophages (D)
  4 scorpions (D)
  A hell rat (D)
17 creatures vanquished.

Vanquished Creatures (others)
  A neqoxec (D)
1 creature vanquished.

Grand Total: 18 creatures vanquished

Notes
Turn   | Place    | Note
-------+----------+-------------------------------------------
     0 | D        | Groucho the Spriggan Enchanter began the quest for the Orb.
     0 | D        | Reached XP level 1. HP: 9/9 MP: 5/5
     3 | D        | Noticed a neqoxec
     7 | D        | Noticed a scorpion
     7 | D        | Noticed a scorpion
     7 | D        | Noticed a scorpion
     7 | D        | Noticed a scorpion
    10 | D        | Killed a scorpion
    11 | D        | Reached skill level 9 in Stealth
    11 | D        | Reached skill level 5 in Spellcasting
    11 | D        | Reached skill level 5 in Hexes
    11 | D        | Reached XP level 2. HP: 13/13 MP: 6/9
    11 | D        | Reached XP level 3. HP: 16/16 MP: 6/10
    11 | D        | Killed a scorpion
    12 | D        | Reached skill level 11 in Stealth
    12 | D        | Reached XP level 4. HP: 21/21 MP: 7/13
    14 | D        | Killed a scorpion
    15 | D        | Reached skill level 12 in Stealth
    15 | D        | Reached XP level 5. HP: 24/24 MP: 7/15
    17 | D        | Reached skill level 13 in Stealth
    22 | D        | Learned a level 2 spell: Ensorcelled Hibernation
    26 | D        | Learned a level 3 spell: Confusing Touch
    29 | D        | Noticed a neqoxec
    37 | D        | Killed a neqoxec
    38 | D        | Reached skill level 15 in Stealth
    38 | D        | Reached XP level 6. HP: 28/28 MP: 9/18
    42 | D        | Gained mutation: Armour fits poorly on your strangely
                  | shaped body. [a neqoxec]
    44 | D        | Reached skill level 16 in Stealth
    56 | D        | Reached skill level 1 in Fighting
    56 | D        | Reached XP level 7. HP: 33/33 MP: 7/20
    57 | D        | Killed a neqoxec
    58 | D        | Reached skill level 5 in Dodging
    58 | D        | Reached skill level 10 in Hexes
   138 | D        | Killed a neqoxec
   314 | D        | Found Uru Fuawn's Antique Armour Emporium.
   315 | D        | Found Zutev's Jewellery Shoppe.
   315 | D        | Found Jifrotz's Magic Scroll Shoppe.
   315 | D        | Found Vuidaedgh's General Store.
   315 | D        | Found Kumiutef's Book Emporium.
   315 | D        | Found Ikhiff's Magic Scroll Shoppe.
   315 | D        | Found Dielaben's Antique Armour Shoppe.
   321 | D        | Found Fotay's Jewellery Shoppe.
   321 | D        | Found Noanel's Jewellery Emporium.
   322 | D        | Found Rynav's Distillery.
   322 | D        | Found Mozxaucw's Distillery.
   322 | D        | Noticed a slime creature
   335 | D        | Noticed a merfolk siren
   338 | D        | Killed a merfolk siren
   339 | D        | Reached skill level 5 in Short Blades
   339 | D        | Reached skill level 10 in Spellcasting
   339 | D        | Reached XP level 8. HP: 40/40 MP: 21/23
   343 | D        | Learned a level 3 spell: Dazzling Flash
   347 | D        | Learned a level 3 spell: Tukima's Dance
   358 | D        | Noticed Menkaure
   581 | D        | Killed Menkaure
   582 | D        | Found Adacw's Book Shoppe.
   582 | D        | Noticed a slime creature
   582 | D        | Noticed a slime creature
   582 | D        | Noticed an oklob plant
   631 | D        | Noticed an orange crystal statue
   646 | D        | Found Tofeos's Assorted Antiques.
   646 | D        | Found Vuph's Antique Weapon Emporium.
   646 | D        | Found Tury's Book Shoppe.
   647 | D        | Noticed a fire dragon
   667 | D        | Noticed a death yak
   675 | D        | Bought a runed dagger for 100 gold pieces
   683 | D        | Bought an amulet of regeneration for 390 gold pieces
   683 | D        | Bought a ring of flight for 227 gold pieces
   697 | D        | Bought a glowing cloak for 127 gold pieces
   710 | D        | Bought a potion of invisibility for 88 gold pieces
   720 | D        | Bought a potion of heal wounds for 50 gold pieces
   750 | D        | Found a glowing golden altar of the Shining One.
   750 | D        | Found an ornate altar of the Wu Jian Council.
   751 | D        | Found a shimmering altar of Xom.
   751 | D        | Found a sacrificial altar of Ru.
   753 | D        | Noticed a polar bear
   755 | D        | Gained mutation: You are dopey. (Int -2) [a neqoxec]
   756 | D        | Noticed a hornet
   783 | D        | Killed a polar bear
  1004 | D        | Found a basalt altar of Yredelemnul.
  1004 | D        | Found a shimmering blue altar of Sif Muna.
  1005 | D        | Found a glowing silver altar of Zin.
  1005 | D        | Found a bloodstained altar of Trog.
  1005 | D        | Found an ancient bone altar of Kikubaaqudgha.
  1005 | D        | Found a stormy altar of Qazlal.
  1005 | D        | Found a viscous altar of Jiyva.
  1005 | D        | Noticed a polar bear
  1006 | D        | Found a hide-covered altar of Uskayaw.
  1006 | D        | Found a corrupted altar of Lugonu.
  1006 | D        | Found a shadowy altar of Dithmenos.
  1010 | D        | Found a radiant altar of Vehumet.
  1010 | D        | Found a burning altar of Makhleb.
  1010 | D        | Found a white marble altar of Elyvilon.
  1011 | D        | Found a sparkling altar of Nemelex Xobeh.
  1011 | D        | Found a blossoming altar of Fedhas.
  1012 | D        | Found an iron altar of Okawaru.
  1012 | D        | Found an opulent altar of Gozag.
  1012 | D        | Found a hazy altar of Hepliaklqana.
  1012 | D        | Found a snail-covered altar of Cheibriados.
  1013 | D        | Noticed a polar bear
  1015 | D        | Killed a hornet
  1015 | D        | Noticed a yaktaur
  1022 | D        | Became a worshipper of Dithmenos the Shadowed
  1028 | D        | Slain by a polar bear

Illustrated notes

Levels and vault maps discovered:
D:        the_violet_keep_of_menkaure [sprint2_stairs_cluster_1,
          sprint2_shoproom, sprint2_temple, sprint2_basic_supplies,
          sprint2_obstacle_4, sprint2_obstacle_6, sprint2_obstacle_7,
          sprint2_obstacle_3, sprint2_obstacle_5, sprint2_timed_cluster_1,
          sprint2_smallroom_cluster_1, sprint2_smallroom_final_cluster_1,
          sprint2_transparent_cluster_1, sprint2_second_timed_cluster_1,
          sprint2_sniper_area_1, sprint2_heavy_combat_area_1,
          sprint2_mutation_trap_area_1, sprint2_forest_area_1,
          sprint2_light_combat_area_1, sprint2_behind_water_1,
          sprint2_near_end_vault_1]

Skill      XL: |  1  2  3  4  5  6  7  8 |
---------------+-------------------------+-----
Stealth        | 9 11 12 15 16 | 16.0
Spellcasting   | 5 6 7 8 9 10 11 | 11.5
Hexes          | 5 6 7 9 10 11 | 11.7
Dodging        | 4 6 8 |  8.5
Fighting       | 1 3 4 |  4.9
Short Blades   | 2 5 6 |  6.6

Action                   |  1- 3 |  4- 6 |  7- 9 || total
-------------------------+-------+-------+-------++-------
Melee: Dagger            |     2 |    19 |    23 ||    44
 Cast: Confusing Touch   |       |     1 |     5 ||     6
       Ensorcelled Hiber |       |       |    11 ||    11
  Use: Potion            |     2 |       |       ||     2
 Stab: Sleeping          |     2 |     2 |     6 ||    10
       Invisible         |       |     4 |       ||     4
       Confused          |       |     1 |     3 ||     4
Dodge: Dodged            |       |    10 |    27 ||    37
